 Dungeon Crawl Stone Soup version 0.19-a0-1079-g88a7474 (webtiles) character file.

3082 HaroldButt the Basher (level 9, 0/80 HPs)
             Began as an Ogre Hunter on Aug 6, 2016.
             Was a Believer of Okawaru.
             Slain by a killer bee simulacrum (8 damage)
             ... on level 8 of the Dungeon.
             The game lasted 00:23:09 (6247 turns).

HaroldButt the Basher (Ogre Hunter)                 Turns: 6247, Time: 00:23:10

Health: 0/80       AC:  6    Str: 19    XL:     9   Next: 89%
Magic:  18/18      EV: 17    Int: 10    God:    Okawaru [**....]
Gold:   175        SH:  0    Dex: 13    Spells: 0 memorised, 8 levels left

rFire  . . .     SeeInvis .     u - +0 giant club
rCold  . . .     Gourm    .     b - +1 robe
rNeg   . . .     Faith    .     (shield currently unavailable)
rPois  .         Spirit   .     h - +2 hat
rElec  .         Dismiss  .     (no cloak)
rCorr  .         Reflect  .     (gloves unavailable)
SustAt .         Harm     .     (boots unavailable)
MR     .....                    F - amulet of inaccuracy (curse)
Stlth  +.........               i - +3 ring of evasion
                                l - ring of magical power (curse)

@:
A: unfitting armour, tough skin 1, wild magic 1, evolution 1
a: Heroism, Renounce Religion


You were on level 8 of the Dungeon.
You worshipped Okawaru.
Okawaru was pleased with you.
You were very full.

You visited 2 branches of the dungeon, and saw 9 of its levels.

You collected 315 gold pieces.
You spent 140 gold pieces at shops.

Inventory:

Hand Weapons
 u - a +0 giant club (weapon)
Missiles
 c - 4 large rocks
 d - 2 throwing nets
 p - 13 tomahawks (quivered)
 v - 5 silver tomahawks
 A - 4 curare-tipped needles
Armour
 b - a +1 robe (worn)
 h - a +2 hat (worn)
Jewellery
 e - an uncursed ring of sustain attributes
 i - a +3 ring of evasion (right hand)
 j - an uncursed amulet of faith
 l - a cursed ring of magical power (left hand)
 r - a +2 ring of evasion
 t - an uncursed amulet of the gourmand
 F - a cursed amulet of inaccuracy (around neck)
Wands
 m - a wand of slowing (24/48)
 y - a wand of paralysis (8/24)
 E - a wand of flame (33/48)
Scrolls
 s - 2 scrolls of enchant armour
 x - a scroll of teleportation
 G - a scroll of identify
Potions
 k - a potion of brilliance
 o - 2 potions of curing
 q - a potion of cure mutation
 z - 4 potions of might {unknown}
 C - a potion of heal wounds
Books
 a - a book of the Sky

   Spells                             Type                      Level
   a - Summon Lightning Spire         Summoning/Air                4
   b - Airstrike                      Air                          4
   c - Silence                        Hexes/Air                    5
   d - Deflect Missiles               Charms/Air                   6
   e - Conjure Ball Lightning         Conjuration/Air              6
   f - Tornado                        Air                          9
 w - a book of Death

   Spells                             Type                      Level
   a - Corpse Rot                     Necromancy                   2
   b - Sublimation of Blood           Necromancy                   2
   c - Agony                          Necromancy                   5
   d - Dispel Undead                  Necromancy                   5
   e - Excruciating Wounds            Charms/Necromancy            5
   f - Bolt of Draining               Conjuration/Necromancy       5
 D - a book of Burglary

   Spells                             Type                      Level
   a - Swiftness                      Charms/Air                   2
   b - Passwall                       Transmutation/Earth          2
   c - Passage of Golubria            Translocation                4
   d - Lee's Rapid Deconstruction     Earth                        5
   e - Darkness                       Hexes                        6
   f - Invisibility                   Hexes                        6
Comestibles
 f - 4 bread rations
 g - 5 meat rations
 n - 4 fruits
 B - a beef jerky


   Skills:
 - Level 2.6 Fighting
 - Level 12.0 Maces & Flails
 - Level 6.2 Throwing
 + Level 7.8 Dodging
 - Level 0.7 Stealth


You had 8 spell levels left.
You didn't know any spells.

Dungeon Overview and Level Annotations

Branches:
Dungeon (8/15)             Temple (1/1) D:6
   Lair: D:8-11

Altars:
Cheibriados
Dithmenos
Elyvilon
Kikubaaqudgha
Makhleb
Nemelex Xobeh
Okawaru
Qazlal
Sif Muna
Trog
Xom
Yredelemnul

Shops:
D:5 [   D:6 !


Innate Abilities, Weirdness & Mutations

You are too large for most types of armour.
You have tough skin. (AC +1)
Your spells are a little harder to cast, but a little more powerful.
You evolve.


Message History

You miss the killer bee simulacrum.
The killer bee simulacrum closely misses you.
You barely miss the killer bee simulacrum.
The killer bee simulacrum hits you but does no damage.
The killer bee simulacrum closely misses you.
You closely miss the killer bee simulacrum.
The killer bee simulacrum closely misses you. x2
You barely miss the killer bee simulacrum.
The killer bee simulacrum hits you. The killer bee simulacrum freezes you.
* * * LOW HITPOINT WARNING * * *
The killer bee simulacrum hits you!
* * * LOW HITPOINT WARNING * * *
The killer bee simulacrum freezes you!
* * * LOW HITPOINT WARNING * * *
You miss the killer bee simulacrum.
The killer bee simulacrum barely misses you.
The killer bee simulacrum hits you.
* * * LOW HITPOINT WARNING * * *
The killer bee simulacrum freezes you!
You die...

###########..
............
###.......... #
##.##.....l...
#.#...#....5....
#.##.##.####....
#..#.#..# . #.......#
###.@.########
#..Z.......#
###......(.# ..
#######........####..
#................##.#
≈ #.#####........#
...#.. #.#
#####...(..# ..#.Z
#.###...####..## ....
#.##.....####..####.#


You could see a killer bee simulacrum.

Vanquished Creatures
  Pikel (D:5)
  Joseph (D:7)
  A two-headed ogre (D:8)
  Eustachio (D:5)
  A sky beast (D:8)
  An ice beast (D:8)
  3 ogres
  5 phantoms
  A giant frog (D:6)
  2 scorpions (D:7)
  5 wights (D:6)
  2 crimson imps
  5 hounds
  An orc priest (D:7)
  2 giant frog skeletons
  3 centaur skeletons
  An iguana (D:6)
  4 worker ants
  A worker ant zombie (D:6)
  3 adders
  A shadow imp (D:7)
  3 white imps (D:8)
  An adder skeleton (D:7)
  5 worms
  3 dart slugs
  3 giant geckos
  24 orcs
  10 bats
  4 giant cockroaches
  6 goblins
  9 hobgoblins
  5 jackals
  4 quokkas
  A ball python (D:1)
  A giant cockroach zombie (D:5)
  A giant gecko simulacrum (D:8)
  A giant gecko zombie (D:5)
  6 giant newts
  A jackal zombie (D:5)
  8 kobolds
  A quokka skeleton (D:5)
  6 rats
148 creatures vanquished.

Vanquished Creatures (others)
  A slave (D:5)
  A human (D:2)
  A giant frog (D:5)
  An orc priest (D:5)
  2 orcs (D:5)
  4 toadstools (D:1)
10 creatures vanquished.

Grand Total: 158 creatures vanquished

Notes
Turn   | Place    | Note
-------+----------+-------------------------------------------
     0 | D:1      | HaroldButt the Ogre Hunter began the quest for the Orb.
     0 | D:1      | Reached XP level 1. HP: 22/22 MP: 1/1
    91 | D:1      | Reached XP level 2. HP: 23/29 MP: 2/2
   701 | D:1      | Reached XP level 3. HP: 25/36 MP: 3/3
   793 | D:1      | Reached skill level 5 in Throwing
   976 | D:1      | Found a deep blue altar of Sif Muna.
  1551 | D:2      | Found an ancient bone altar of Kikubaaqudgha.
  1551 | D:2      | Noticed a human
  1554 | D:2      | Killed a human
  1706 | D:3      | Reached XP level 4. HP: 18/44 MP: 4/4
  2068 | D:3      | Reached XP level 5. HP: 47/50 MP: 5/5
  2148 | D:3      | Reached skill level 1 in Maces & Flails
  2549 | D:4      | Reached skill level 2 in Maces & Flails
  2699 | D:4      | Reached skill level 3 in Maces & Flails
  2778 | D:4      | Noticed an ogre
  2793 | D:4      | Killed an ogre
  2793 | D:4      | Reached skill level 4 in Maces & Flails
  2793 | D:4      | Reached XP level 6. HP: 9/59 MP: 6/6
  3011 | D:4      | Reached skill level 5 in Maces & Flails
  3036 | D:4      | Gained mutation: You are partially covered in iridescent scales. (AC +2) [potion of mutation]
  3036 | D:4      | Gained mutation: Your spells are a little harder to cast, but a little more powerful. [potion of mutation]
  3036 | D:4      | Lost mutation: You are partially covered in iridescent scales. (AC +2) [potion of mutation]
  3161 | D:5      | Entered Level 5 of the Dungeon
  3175 | D:5      | Noticed Eustachio
  3276 | D:5      | Killed Eustachio
  3276 | D:5      | Reached skill level 6 in Maces & Flails
  3276 | D:5      | Reached XP level 7. HP: 21/66 MP: 7/7
  3329 | D:5      | Reached skill level 7 in Maces & Flails
  3593 | D:5      | Reached skill level 8 in Maces & Flails
  3634 | D:5      | Noticed Pikel
  3646 | D:5      | Killed Pikel
  3646 | D:5      | Reached skill level 10 in Maces & Flails
  3646 | D:5      | Reached XP level 8. HP: 66/74 MP: 8/8
  3804 | D:5      | Reached skill level 11 in Maces & Flails
  4161 | D:5      | Found Qovina's Antique Armour Shoppe.
  4441 | D:6      | Reached skill level 12 in Maces & Flails
  4526 | D:6      | Found Wucleror's Distillery.
  4554 | D:6      | Bought a potion of heal wounds for 70 gold pieces
  4554 | D:6      | Bought a potion of heal wounds for 70 gold pieces
  4598 | D:6      | Paralysed by a wight for 3 turns
  4604 | D:6      | Paralysed by a wight for 3 turns
  4610 | D:6      | Reached XP level 9. HP: 73/80 MP: 9/9
  4611 | D:6      | Found a staircase to the Ecumenical Temple.
  4616 | Temple   | Entered the Ecumenical Temple
  4690 | Temple   | Became a worshipper of Warmaster Okawaru
  4817 | D:6      | Found a burning altar of Makhleb.
  4819 | D:6      | Noticed a balrug
  5303 | D:7      | Reached skill level 5 in Dodging
  5481 | D:7      | Reached * piety under Okawaru
  5631 | D:8      | Noticed a two-headed ogre
  5700 | D:8      | Gained mutation: You evolve. [mutagenic meat]
  5762 | D:8      | Noticed Joseph
  5765 | D:8      | Noticed a two-headed ogre
  5803 | D:7      | Killed Joseph
  6085 | D:8      | Killed a two-headed ogre
  6098 | D:8      | Reached ** piety under Okawaru
  6146 | D:8      | Found a sparkling altar of Nemelex Xobeh.
  6247 | D:8      | Slain by a killer bee simulacrum

Vault maps used:
D:1:      ldierk_walled_garden_2, kennysheep_flooded_box, serial_bayou_lake_a
D:2:      tgw_kikubaaqudgha
D:4:      first_bread
D:5:      serial_shops, kennysheep_little_box, uniq_eustachio, uniq_pikel
D:6:      serial_shops, nicolae_shop_crystal, makhleb_altar_promises_db
D:8:      lemuel_round_altar, serial_ice, serial_ice_a, serial_ice_e,
          serial_ice_f, serial_ice_i, serial_ice_c, serial_ice_d,
          hangedman_little_slice_of_home, fedhas_bush_and_centaur_altar,
          uniq_joseph
Temple:   roderic_octagonal_lattice_temple

Skill      XL: |  1  2  3  4  5  6  7  8  9 |
---------------+----------------------------+-----
Throwing       | 5 6 |  6.2
Maces & Flails | 4 6 10 12 | 12.0
Dodging        | 3 7 |  7.8
Fighting       | |  2.6
Stealth        | |  0.7

Action                   |  1- 3 |  4- 6 |  7- 9 || total
-------------------------+-------+-------+-------++-------
Melee: Short sword       |   179 |   149 |       ||   328
       Giant club        |       |    86 |   355 ||   441
Throw: Large rock        |     3 |    20 |     1 ||    24
       Throwing net      |       |     1 |       ||     1
       Tomahawk          |       |       |    15 ||    15
  Use: Scroll            |     6 |     3 |     7 ||    16
       Potion            |       |     2 |     1 ||     3
 Stab: Sleeping          |     3 |     1 |     2 ||     6
  Eat: Chunk             |     2 |    14 |    13 ||    29
       Royal jelly       |       |     1 |       ||     1
Armor: Robe              |    55 |    70 |    79 ||   204
       Skin              |       |    50 |       ||    50
Dodge: Dodged            |    99 |   188 |   261 ||   548
